 Dungeon Crawl Stone Soup version 0.31-a0-801-gc67433417a (webtiles) character file.

Game seed: 829576605364794277

93 Talonman3 the Trooper (level 4, -10/40 HPs)
             Began as a Ghoul Monk on Sept 20, 2023.
             Mangled by Sigmund the spriggan (12 damage)
             ... on level 3 of the Dungeon.
             The game lasted 00:05:32 (1813 turns).

Talonman3 the Trooper (Ghoul Monk)                  Turns: 1813, Time: 00:05:32

Health: -10/40     AC:  4    Str: 16    XL:     4   Next: 62%
Magic:  3/3        EV: 12    Int:  5    God:
Gold:   34         SH:  0    Dex: 11    Spells: 3/3 levels left

rFire   . . .        a - +0 mace
rCold   + . .        d - orb {light}
rNeg    + + +        b - +0 robe
rPois   ∞            (no helmet)
rElec   .            g - +0 cloak
rCorr   .            j - +0 pair of gloves
SInv    .            (no boots)
Will    .....        (no amulet)
Stlth   +            (no ring)
HPRegen 0.00/turn    (no ring)
MPRegen 0.08/turn

%: no passive effects
@: inhibited regen, glowing
A: claws 1, cold resistance 1, negative energy resistance 3, inhibited
regeneration, torment resistance 2, devour on kill
a: no special abilities


You were on level 3 of the Dungeon.
You visited 1 branch of the dungeon, and saw 3 of its levels.

You collected 84 gold pieces.
You spent 50 gold pieces at shops.

Inventory:

Hand Weapons
 a - a +0 mace (weapon)
 l - a +3 spear
Missiles
 f - a throwing net
Armour
 b - a +0 robe (worn)
 d - an orb of light (worn)
 g - a +0 cloak (worn)
 j - a +0 pair of gloves (worn)
Jewellery
 e - a ring of wizardry
Wands
 k - a wand of polymorph (5)
Scrolls
 n - a scroll of enchant armour {unknown}
 p - a scroll of revelation {unknown}
Potions
 c - a potion of ambrosia
 h - a potion of heal wounds
 m - a potion of attraction {unknown}
 o - a potion of curing {unknown}


   Skills:
 + Level 4.3 Fighting
 + Level 3.4 Maces & Flails
 + Level 3.5 Dodging


You had 3 spell levels left.
You didn't know any spells.
Your spell library was empty.

Dungeon Overview and Level Annotations

Branches:
Dungeon (3/15)

Altars:

Shops:
D:2 *

Annotations:
D:3 Sigmund


Innate Abilities, Weirdness & Mutations

You are immune to poison.
You have sharp fingernails.
Your flesh is cold resistant. (rC+)
You are immune to negative energy. (rN+++)
You do not regenerate when monsters are visible.
You are immune to unholy pain and torment.
You thrive by killing the living.


Message History

You are too injured to fight recklessly!
You are too injured to fight recklessly!
You barely miss Sigmund.
Sigmund is moderately wounded.
Sigmund hits you but does no damage.
You barely miss Sigmund.
Sigmund is moderately wounded.
Sigmund hits you.
You miss Sigmund.
Sigmund is moderately wounded.
Sigmund barely misses you. Sigmund misses you.
You hit Sigmund.
Sigmund is severely wounded.
Sigmund whispers, "You'll know eternity soon."
Sigmund misses you.
You hit Sigmund.
Sigmund is severely wounded.
Sigmund completely misses you.
You barely miss Sigmund.
Sigmund is severely wounded.
Sigmund hits you.
* * * LOW HITPOINT WARNING * * *
You hit Sigmund but do no damage.
Sigmund is severely wounded.
Sigmund misses you. Sigmund hits you but does no damage.
You barely miss Sigmund.
Sigmund is severely wounded.
Sigmund closely misses you.
You barely miss Sigmund.
Sigmund is severely wounded.
Sigmund hits you but does no damage.
You closely miss Sigmund.
Sigmund is severely wounded.
Sigmund hits you!
* * * LOW HITPOINT WARNING * * *
You closely miss Sigmund.
Sigmund is severely wounded.
Sigmund hits you!
You die...
Sigmund begins carving another notch in its scythe.

...#.......#
.........###
..####.## . ##.#
#..# #.## #.#
.########### #.#
...)..i@...# #.#
.......###.###.#
)###.#.........#
.. #..##.#####
##........#
###.##### .. ..


You could see Sigmund the spriggan.

Vanquished Creatures
  Robin (D:1)
  2 adders (D:2)
  3 dart slugs (D:2)
  4 endoplasms
  7 hobgoblins
  7 jackals
  A quokka (D:1)
  5 ball pythons
  4 bats
  3 frilled lizards
  9 goblins
  6 kobolds
  4 rats (D:2)
56 creatures vanquished.

Notes
Turn   | Place    | Note
-------+----------+-------------------------------------------
     0 | D:1      | Talonman3 the Ghoul Monk began the quest for the Orb.
     0 | D:1      | Reached XP level 1. HP: 19/19 MP: 0/0
   111 | D:1      | Reached XP level 2. HP: 10/26 MP: 1/1
   836 | D:2      | Noticed Robin
   844 | D:2      | Reached XP level 3. HP: 17/33 MP: 2/2
   946 | D:1      | Killed Robin
  1075 | D:2      | Reached skill level 4 in Fighting
  1333 | D:2      | Reached XP level 4. HP: 30/40 MP: 3/3
  1667 | D:2      | Found Qyquolo's General Store.
  1678 | D:2      | Bought a potion of heal wounds for 50 gold pieces
  1793 | D:3      | Noticed Sigmund
  1795 | D:3      | Sigmund changed into Sigmund the spriggan
  1795 | D:3      | Noticed Sigmund
  1812 | D:3      | HP: 2/40 [Sigmund the spriggan (7)]
  1813 | D:3      | Mangled by Sigmund the spriggan

Illustrated notes

Levels and vault maps discovered:
D:1:      lightli_arrival_statuegarden, layout_basic, minivault_26,
          palyth_stone_intersect
D:2:      layout_rooms, serial_shops, shop, hangedman_decor_growths, uniq_robin
D:3:      layout_loops_cross, uniq_terence, uniq_sigmund

Skill      XL: |  1  2  3 |
---------------+----------+-----
Dodging        | 3 |  3.5
Maces & Flails | 3 |  3.4
Fighting       | 4 |  4.3

Action                     |  1- 3 |  4- 6 || total
---------------------------+-------+-------++-------
  Melee: Mace              |   102 |    53 ||   155
  Evoke: Wand              |       |     2 ||     2
    Use: Scroll            |       |     2 ||     2
 Armour: Robe              |    94 |    43 ||   137
  Dodge: Dodged            |   102 |    45 ||   147

Table legend: (Time is in decaauts)
 A = Elapsed time spent in this place.
 B = Non-inter-level travel time spent in this place.
 C = Inter-level travel time spent in this place.
 D = Time resting spent in this place.
 E = Time spent auto-exploring this place.
 F = Levels seen in this place.
 G = Mean time per level.
                   A        B        C        D        E       F      G
               +--------+--------+--------+--------+--------+-----+--------+
         Total |   1852 |   1827 |     25 |    460 |   1007 |   3 |  617.3 |
       Dungeon |   1852 |   1827 |     25 |    460 |   1007 |   3 |  617.3 |
               +--------+--------+--------+--------+--------+-----+--------+

Top non-repeatable levels by time:
     D:1: 1010 daAuts
     D:2: 710 daAuts
     D:3: 131 daAuts
